DBL
CLEVELAND SPIDERS @ FLORIDA MARLINS
06/18/1997
 
TOP OF THE 1ST
Cleveland Spiders batting - Pitching for Florida Marlins : RHP Roger Clemens
Pitching: RHP Roger Clemens
Batting: LHB Darryl Strawberry 0-0: Ball
1-0: Foul Ball, location: 2F
1-1: Foul Ball, location: 2F
1-2: Ball
2-2: Foul Ball, location: 2F
2-2: Strikes out swinging
Batting: SHB Tomas Perez 0-0: Swinging Strike
0-1: Ball
1-1: Foul Ball, location: 2F
1-2: Ball
2-2: Fly out, F6 (Line Drive, 6, EV 64.4 MPH)
Batting: RHB Kevin Mitchell 0-0: Foul Ball, location: 2F
0-1: Swinging Strike
0-2: Ball
1-2: Strikes out swinging
Top of the 1st over - 0 runs, 0 hits, 0 errors, 0 left on base; Cleveland 0 - Florida 0
BOTTOM OF THE 1ST
Florida Marlins batting - Pitching for Cleveland Spiders : RHP John Thomson
Pitching: RHP John Thomson
Batting: LHB Craig Counsell 0-0: Ball
1-0: Foul Ball, location: 2F
1-1: Ball
2-1: Ball
3-1: Base on Balls
Batting: RHB Charles Johnson 0-0: Called Strike
0-1: Fly out, F9 (Flyball, 9LS, EV 91.3 MPH)
Batting: RHB Richie Sexson 0-0: Called Strike
0-1: Grounds into double play, 6-4-3 (Groundball, 6, EV 106.3 MPH)
Bottom of the 1st over - 0 runs, 0 hits, 0 errors, 0 left on base; Cleveland 0 - Florida 0
TOP OF THE 2ND
Cleveland Spiders batting - Pitching for Florida Marlins : RHP Roger Clemens
Batting: SHB Todd Hundley 0-0: Ball
1-0: Called Strike
1-1: Ground out 4-3 (Groundball, 4, EV 106.3 MPH)
Batting: LHB Raul Ibanez 0-0: Ground out 4-3 (Groundball, 4M, EV 89.4 MPH)
Batting: SHB Howard Johnson 0-0: Ball
1-0: Ball
2-0: Called Strike
2-1: Ball
3-1: Base on Balls
Batting: RHB Bernard Gilkey 0-0: Called Strike
0-1: Ball
1-1: Ball
2-1: Foul Ball, location: 2F
2-2: Ball
Howard Johnson is caught stealing 2nd base 2-4
Top of the 2nd over - 0 runs, 0 hits, 0 errors, 0 left on base; Cleveland 0 - Florida 0
BOTTOM OF THE 2ND
Florida Marlins batting - Pitching for Cleveland Spiders : RHP John Thomson
Batting: RHB Juan Encarnacion 0-0: Ball
1-0: Called Strike
1-1: Ball
2-1: Swinging Strike
2-2: Strikes out swinging
Batting: RHB Rondell White 0-0: SINGLE (Line Drive, 9LS, EV 102.5 MPH)
Batting: LHB Todd Walker 0-0: Ball
Rondell White steals 2nd base
1-0: Ball
2-0: Foul Ball, location: 2F
2-1: Ball
3-1: Base on Balls
Batting: RHB Edgardo Alfonzo 0-0: Ball
1-0: Ball
Rondell White steals 3rd base
Todd Walker to second
2-0: Swinging Strike
2-1: Foul Ball, location: 2F
2-2: Ball
3-2: SINGLE (Line Drive, 4D, EV 104.4 MPH)
Rondell White scores
Todd Walker to third
Runner from 3rd tries for Home, SAFE, no throw by CF
Batting: RHB Tony Barron 0-0: Called Strike
0-1: Ball
Wild Pitch!
Edgardo Alfonzo to second
1-1: Foul Ball, location: 2F
1-2: Strikes out swinging
Batting: SHB Luis Castillo 0-0: Called Strike
0-1: Ball
1-1: Called Strike
1-2: Ground out 4-3 (Groundball, 4, EV 80.0 MPH)
Bottom of the 2nd over - 2 runs, 2 hits, 0 errors, 1 left on base; Cleveland 0 - Florida 2
TOP OF THE 3RD
Cleveland Spiders batting - Pitching for Florida Marlins : RHP Roger Clemens
Batting: RHB Bernard Gilkey 0-0: Ball
1-0: Fly out, F8 (Line Drive, 8LM, EV 101.3 MPH)
Batting: RHB Marquis Grissom 0-0: Called Strike
0-1: Called Strike
0-2: Strikes out swinging
Batting: RHB Billy Ripken 0-0: Called Strike
0-1: Swinging Strike
0-2: Ball
1-2: Ground out U3 (Groundball, 3, EV 106.3 MPH)
Top of the 3rd over - 0 runs, 0 hits, 0 errors, 0 left on base; Cleveland 0 - Florida 2
BOTTOM OF THE 3RD
Florida Marlins batting - Pitching for Cleveland Spiders : RHP John Thomson
Batting: LHB Craig Counsell 0-0: Ball
1-0: Ground out 4-3 (Groundball, 4, EV 88.1 MPH)
Batting: RHB Charles Johnson 0-0: Fly out, F8 (Flyball, 8RD, EV 98.8 MPH)
Batting: RHB Richie Sexson 0-0: Ball
1-0: Called Strike
1-1: Foul Ball, location: 2F
1-2: Foul Ball, location: 2F
1-2: Ball
2-2: Foul Ball, location: 2F
2-2: Ball
3-2: Foul Ball, location: 2F
3-2: Foul Ball, location: 2F
3-2: Fly out, F8 (Line Drive, 8LM, EV 93.8 MPH)
Bottom of the 3rd over - 0 runs, 0 hits, 0 errors, 0 left on base; Cleveland 0 - Florida 2
TOP OF THE 4TH
Cleveland Spiders batting - Pitching for Florida Marlins : RHP Roger Clemens
Batting: LHB Darryl Strawberry 0-0: Ground out 5-3 (Groundball, 56, EV 111.9 MPH)
Batting: SHB Tomas Perez 0-0: Ball
1-0: Foul Ball, location: 2F
1-1: Foul Ball, location: 2F
1-2: Strikes out looking
Batting: RHB Kevin Mitchell 0-0: Ball
1-0: Ground out 3-1 (Groundball, 34, EV 80.0 MPH)
Top of the 4th over - 0 runs, 0 hits, 0 errors, 0 left on base; Cleveland 0 - Florida 2
BOTTOM OF THE 4TH
Florida Marlins batting - Pitching for Cleveland Spiders : RHP John Thomson
Batting: RHB Juan Encarnacion 0-0: Called Strike
0-1: Foul Ball, location: 2F
0-2: Ball
1-2: Fly out, F6 (Popup, 6MD, EV 46.9 MPH)
Batting: RHB Rondell White 0-0: Ball
1-0: Ball
2-0: Called Strike
2-1: SINGLE (Groundball, 56D, EV 100.6 MPH)
Batting: LHB Todd Walker 0-0: Ball
1-0: Foul Ball, location: 2F
1-1: Called Strike
1-2: Fielders Choice at 2nd, 4-6 (Groundball, 34, EV 96.3 MPH)
Batting: RHB Edgardo Alfonzo 0-0: Called Strike
Todd Walker steals 2nd base
0-1: Foul Ball, location: 2F
0-2: Ball
1-2: Foul Ball, location: 2F
1-2: Ball
2-2: Strikes out looking
Bottom of the 4th over - 0 runs, 1 hit, 0 errors, 1 left on base; Cleveland 0 - Florida 2
TOP OF THE 5TH
Cleveland Spiders batting - Pitching for Florida Marlins : RHP Roger Clemens
Batting: SHB Todd Hundley 0-0: Called Strike
0-1: Ground out 4-3 (Groundball, 4, EV 86.3 MPH)
Batting: LHB Raul Ibanez 0-0: Ground out 4-3 (Groundball, 4, EV 85.0 MPH)
Batting: SHB Howard Johnson 0-0: Ball
1-0: Called Strike
1-1: Ball
2-1: Foul Ball, location: 2F
2-2: Strikes out swinging
Top of the 5th over - 0 runs, 0 hits, 0 errors, 0 left on base; Cleveland 0 - Florida 2
BOTTOM OF THE 5TH
Florida Marlins batting - Pitching for Cleveland Spiders : RHP John Thomson
Batting: RHB Tony Barron 0-0: Ball
1-0: Called Strike
1-1: Ball
2-1: Called Strike
2-2: Foul Ball, location: 2F
2-2: Ball
3-2: Base on Balls
Batting: SHB Luis Castillo 0-0: Ball
1-0: Swinging Strike
1-1: Fielders Choice at 2nd, 6-4 (Groundball, 6, EV 78.8 MPH)
Batting: LHB Craig Counsell 0-0: Ball
Luis Castillo steals 2nd base (no throw)
1-0: Hit by Pitch
Batting: RHB Charles Johnson 0-0: Called Strike
Luis Castillo steals 3rd, throwing error, E2
Luis Castillo scores
Craig Counsell to third
0-1: Called Strike
0-2: Ball
1-2: Ball
2-2: Ball
3-2: Strikes out looking
Batting: RHB Richie Sexson 0-0: Ball
1-0: Ball
2-0: Swinging Strike
2-1: Foul Ball, location: 2F
2-2: Strikes out swinging
Bottom of the 5th over - 1 run, 0 hits, 1 error, 1 left on base; Cleveland 0 - Florida 3
TOP OF THE 6TH
Cleveland Spiders batting - Pitching for Florida Marlins : RHP Roger Clemens
Batting: RHB Bernard Gilkey 0-0: Ball
1-0: Ball
2-0: Called Strike
2-1: Ball
3-1: Foul Ball, location: 2F
3-2: Ground out 6-3 (Groundball, 6, EV 88.8 MPH)
Batting: RHB Marquis Grissom 0-0: Ball
1-0: Foul Ball, location: 2F
1-1: Called Strike
1-2: Ball
2-2: Ball
3-2: DOUBLE (Line Drive, 9LD, EV 103.8 MPH)
Batting: RHB Billy Ripken 0-0: Called Strike
Marquis Grissom steals 3rd base
0-1: Called Strike
0-2: Ball
1-2: DOUBLE (Flyball, 8LD, EV 105.0 MPH)
Marquis Grissom scores
Batting: LHB Darryl Strawberry 0-0: Ball
1-0: Foul Ball, location: 2F
1-1: Swinging Strike
1-2: Foul Ball, location: 2F
1-2: Ball
2-2: Strikes out swinging
Batting: SHB Tomas Perez 0-0: Ground out U3 (Groundball, 3S, EV 68.1 MPH)
Top of the 6th over - 1 run, 2 hits, 0 errors, 1 left on base; Cleveland 1 - Florida 3
BOTTOM OF THE 6TH
Florida Marlins batting - Pitching for Cleveland Spiders : RHP John Thomson
Batting: RHB Juan Encarnacion 0-0: Called Strike
0-1: Ball
1-1: Ball
2-1: Ball
3-1: SINGLE (Groundball, 4MD, EV 105.6 MPH)
Batting: RHB Rondell White 0-0: Foul Ball, location: 2F
0-1: Ball
1-1: Called Strike
1-2: Fly out, F8 (Line Drive, 8LM, EV 87.5 MPH)
Batting: LHB Todd Walker 0-0: Called Strike
Juan Encarnacion steals 2nd base
0-1: Called Strike
0-2: Foul Ball, location: 2F
0-2: Ball
1-2: Ball
2-2: Ground out U3 (Groundball, 3, EV 105.6 MPH)
Juan Encarnacion to third
Batting: RHB Edgardo Alfonzo 0-0: Called Strike
0-1: Called Strike
0-2: Foul Ball, location: 2F
0-2: Ball
1-2: SINGLE (Groundball, 34D, EV 107.5 MPH)
Juan Encarnacion scores
Batting: RHB Tony Barron 0-0: Ball
1-0: Ball
2-0: Called Strike
2-1: Foul Ball, location: 2F
2-2: Ground out 4-3 (Groundball, 4, EV 99.4 MPH)
Bottom of the 6th over - 1 run, 2 hits, 0 errors, 1 left on base; Cleveland 1 - Florida 4
TOP OF THE 7TH
Cleveland Spiders batting - Pitching for Florida Marlins : RHP Roger Clemens
Batting: RHB Kevin Mitchell 0-0: Foul Ball, location: 2F
0-1: Swinging Strike
0-2: SINGLE (Flyball, 34D, EV 90.6 MPH)
Batting: SHB Todd Hundley 0-0: 2-RUN HOME RUN (Flyball, 89XD, EV 96.9 MPH), Distance : 368 ft
Batting: LHB Raul Ibanez 0-0: Foul Ball, location: 2F
0-1: Called Strike
0-2: Strikes out swinging
Batting: SHB Howard Johnson 0-0: Fly out, F7 (Flyball, 7D, EV 90.6 MPH)
Batting: RHB Bernard Gilkey 0-0: Ball
1-0: Ball
2-0: Swinging Strike
2-1: Ball
3-1: Base on Balls
Pinch Hitting: LHB Garret Anderson 0-0: Foul Ball, location: 2F
0-1: Ball
1-1: Fly out, F9 (Flyball, 9LMF, EV 93.8 MPH)
Top of the 7th over - 2 runs, 2 hits, 0 errors, 1 left on base; Cleveland 3 - Florida 4
BOTTOM OF THE 7TH
Florida Marlins batting - Pitching for Cleveland Spiders : RHP John Thomson
Now in CF: Garret Anderson
Batting: SHB Luis Castillo 0-0: Ball
1-0: Ground out 6-3 (Groundball, 6, EV 81.3 MPH)
Batting: LHB Craig Counsell 0-0: Swinging Strike
0-1: Foul Ball, location: 2F
0-2: Ball
1-2: Ball
2-2: Strikes out swinging
Batting: RHB Charles Johnson 0-0: Called Strike
0-1: Called Strike
0-2: Ball
1-2: Strikes out looking
Bottom of the 7th over - 0 runs, 0 hits, 0 errors, 0 left on base; Cleveland 3 - Florida 4
TOP OF THE 8TH
Cleveland Spiders batting - Pitching for Florida Marlins : RHP Roger Clemens
Batting: RHB Billy Ripken 0-0: Ball
1-0: SINGLE (Line Drive, 56D, EV 111.9 MPH)
Pitching: RHP Bryan Harvey
Batting: LHB Darryl Strawberry 0-0: Foul Ball, location: 2F
0-1: Foul Ball, location: 2F
0-2: Strikes out swinging
Batting: SHB Tomas Perez 0-0: Bunt missed!
0-1: Bunt missed!
0-2: Strikes out looking
Batting: RHB Kevin Mitchell 0-0: Ball
Wild Pitch!
Billy Ripken to second
1-0: Ball
2-0: Foul Ball, location: 2F
2-1: Called Strike
2-2: Foul Ball, location: 2F
2-2: Ball
3-2: Strikes out swinging
Top of the 8th over - 0 runs, 1 hit, 0 errors, 1 left on base; Cleveland 3 - Florida 4
BOTTOM OF THE 8TH
Florida Marlins batting - Pitching for Cleveland Spiders : RHP John Thomson
Batting: RHB Richie Sexson 0-0: Ball
1-0: SINGLE (Groundball, 4MD, EV 97.5 MPH)
Pitching: RHP Willie Banks
Batting: RHB Juan Encarnacion 0-0: Foul Ball, location: 2F
0-1: Called Strike
0-2: Strikes out swinging
Batting: RHB Rondell White 0-0: Called Strike
0-1: Grounds into double play, 3-6-1 (Groundball, 3S, EV 87.5 MPH)
Bottom of the 8th over - 0 runs, 1 hit, 0 errors, 0 left on base; Cleveland 3 - Florida 4
TOP OF THE 9TH
Cleveland Spiders batting - Pitching for Florida Marlins : RHP Bryan Harvey
Batting: SHB Todd Hundley 0-0: Swinging Strike
0-1: Ball
1-1: Called Strike
1-2: Strikes out swinging
Batting: LHB Raul Ibanez 0-0: Ball
1-0: Called Strike
1-1: Swinging Strike
1-2: Strikes out swinging
Batting: SHB Howard Johnson 0-0: Called Strike
0-1: Ball
1-1: Ball
2-1: Foul Ball, location: 2F
2-2: Strikes out swinging
Top of the 9th over - 0 runs, 0 hits, 0 errors, 0 left on base; Cleveland 3 - Florida 4
Wednesday, February 25th, 2026 - OOTP Baseball 20.8 Build 74